Cogmind - Beta 16 @@@ ROGUE MODE // 2026.01.28 @ 05:50:17 Player: eb Result: Destroyed by as-45594 with Assembled Heavy Rifle Performance ------------- Evolutions (0) 0 Regions Visited (3) 600 Robots Destroyed (32) 160 Value Destroyed (597) 597 Prototype IDs (25) 500 Alien Tech Used (0) 0 Bonus (307) 307 TOTAL SCORE: 2164 Bonus ------- Follower Combat Kills 7 Aligned with FarCom 300 Cogmind --------- Core Integrity 0/250 Matter 252/300 Energy 147/250 System Corruption 5% Temperature Danger (474) Movement Walking (260) Ox2 Location -10/Exiles Parts ------- > --- POWER (1) -------- Ion Engine > --- PROPULSION (2) --- Carbon-fiber Leg Carbon-fiber Leg > --- UTILITY (2) ------ Improved Heat Sink Light Armor Plating > --- WEAPON (2) ------- Firepult > --- INVENTORY (5) ---- Aluminum Leg Improved Heat Sink Experimental Sensor Array Signal Interpreter Beam Cannon Peak State ------------ > --- POWER ------------ Ion Engine > --- PROPULSION ------- Carbon-fiber Leg Carbon-fiber Leg > --- UTILITY ---------- Improved Heat Sink Light Armor Plating > --- WEAPON ----------- Firepult > --- INVENTORY -------- Aluminum Leg Improved Heat Sink Experimental Sensor Array Signal Interpreter Beam Cannon [Rating: 32] Favorites ----------- Power Ion Engine Engine Ion Engine Propulsion Aluminum Leg Leg Aluminum Leg Utility Medium Storage Unit Device Heat Sink Storage Medium Storage Unit Processor Transport Network Coupler Protection Light Armor Plating Weapon Beam Cannon Energy Gun Medium Laser Energy Cannon Beam Cannon Ballistic Gun Assault Rifle Special Weapon Mining Laser Special Melee Weapon Datajack Build | -11 -10 -10 -10 ------- Run | Yrd Mat Min Exi Slots Evolved . | . . . . Power . | . . . . Propulsion . | . . . . Utility . | . . . . Weapon . | . . . . Parts Attached 31 | 6 19 5 1 Power 4 | 1 3 . . Engine 4 | 1 3 . . Core . | . . . . Reactor . | . . . . Propulsion 7 | 2 3 2 . Treads . | . . . . Leg 7 | 2 3 2 . Wheel . | . . . . Hover . | . . . . Flight . | . . . . Utility 9 | 1 5 3 . Device 5 | . 3 2 . Storage 2 | 1 1 . . Processor 1 | . 1 . . Hackware . | . . . . Protection 1 | . . 1 . Artifact . | . . . . Weapon 11 | 2 8 . 1 Energy Gun 3 | 1 2 . . Energy Cannon 3 | . 2 . 1 Ballistic Gun 1 | 1 . . . Ballistic Cannon . | . . . . Launcher . | . . . . Special Weapon 3 | . 3 . . Impact Weapon . | . . . . Slashing Weapon . | . . . . Piercing Weapon . | . . . . Special Melee Weapon 1 | . 1 . . Unidentified Prototypes 1 | . . . 1 Corrupted Parts 2 | . 2 . . System Corruption 5 | . 5 . . Parts Lost 5 | . 5 . . Power . | . . . . Propulsion 1 | . 1 . . Utility . | . . . . Weapon 4 | . 4 . . Highest Loss Streak 2 | . 2 . . To Critical Strikes . | . . . . Average Backups 7 | 2 9 5 5 Power . | . 1 . . Propulsion 1 | 1 2 1 1 Utility 2 | . 2 2 3 Weapon 1 | . 2 . . Tool/Special . | . . . . Unused Backups 22 | . 16 3 3 Power 3 | . 2 1 . Propulsion 7 | . 7 . . Utility 8 | . 4 1 3 Weapon 4 | . 3 1 . Tool/Special . | . . . . Average Slot Usage (%) 98 | . 98 100 97 Engine 13 | . 13 14 14 Leg 28 | . 28 28 28 Device 10 | . 7 14 14 Storage 8 | . 14 . . Processor 3 | . 5 . . Protection 5 | . . 13 14 Energy Gun 7 | . 11 . . Energy Cannon 16 | . 10 28 25 Ballistic Gun 2 | . 3 . . Special Weapon 1 | . 1 . . Peak Build Rating 32 | 6 8 14 32 Average Rating 8 | 4 7 9 16 On Entrance 6 | . 6 7 14 Avg Prop Armor Cover (%) . | . . . . Naked Turns . | . . . . Heaviest Build 31 | 12 22 15 31 Greatest Support 30 | 20 20 30 30 Greatest Overweight (x) 2 | 2 1 . 1 Average Overweight (x) . | . . . . Largest Inventory Capacity 10 | 8 10 10 5 Average Capacity 8 | 6 9 5 5 Most Carried 10 | 6 10 9 5 Average Carried 7 | 2 9 5 5 Final Capacity 10 | 8 10 5 5 Final Carried 9 | 6 9 5 5 Class Distribution -------------------- 85% | Mutant 14% | Scavenger-Mutant Dominant Class ---------------- Mutant | -10/Materials Mutant | -10/Mines Mutant | -10/Exiles Resources | -11 -10 -10 -10 ----------- Run | Yrd Mat Min Exi Matter Collected 561 | 238 235 88 . Remotely . | . . . . Salvage Created 761 | . 531 182 48 Parts 52 | . 44 8 . Haulers Intercepted 1 | . 1 . . Recyclers Shooed 1 | . 1 . . Parts Field Recycled . | . . . . Retrieved Matter . | . . . . Parts Self-Destructed . | . . . . Prevented . | . . . . Parts Restored . | . . . . Kills | -11 -10 -10 -10 ------- Run | Yrd Mat Min Exi Combat Hostiles Destroyed 29 | . 18 8 3 Guns 8 | . 8 . . Cannons 18 | . 9 7 2 AOE 1 | . . . 1 Classes Destroyed 7 | . 6 1 . Worker 2 | . 2 . . Builder 1 | . 1 . . Hauler 1 | . 1 . . Watcher 3 | . 3 . . Swarmer 14 | . 9 5 . Grunt 11 | . 9 2 . Assembled 4 | . . 1 3 Best Kill Streak 3 | . 3 3 3 Combat Bots Only 3 | . 3 3 3 Max Kills in Single Turn 2 | . 2 1 2 Gunslinging . | . . . . Exploded 1 | . . . 1 Melee . | . . . . Uniques/NPCs Destroyed . | . . . . Combat | -11 -10 -10 -10 -------- Run | Yrd Mat Min Exi Hostile Shots Fired 151 | . 119 21 11 Missed 43 | . 33 7 3 Hits 108 | . 86 14 8 Projectile 108 | . 86 14 8 Critical Strikes 1 | . 1 . . Part Disruptions 1 | . . . 1 Damage Taken 1130 | . 838 135 157 Core 260 | . 182 30 48 Absorbed by Shields . | . . . . Regen/Repaired (Parts) 58 | . 58 . . Core Remaining (%) 100 | 100 . . . Volleys Fired 103 | . 87 14 2 Largest 2 | . 2 2 1 Hottest 250 | . 120 120 250 Shots Fired 149 | . 118 28 3 Gun 65 | . 65 . . Cannon 69 | . 38 28 3 Launcher . | . . . . Special 15 | . 15 . . Kinetic . | . . . . Thermal 114 | . 83 28 3 Explosive . | . . . . Electromagnetic 35 | . 35 . . Robot Hit Streak 7 | . 7 6 1 Robot Miss Streak 4 | . 4 2 4 Penetration Max . | . . . . Secondary Targets 1 | . 1 . . Max Gunslinging Chain 1 | . 1 . . Shots Hit Robots 84 | . 64 19 1 Core Hits 43 | . 28 8 7 Critical Kills 1 | . . 1 . Critical Parts Destroyed . | . . . . Critical Strikes 3 | . 2 1 . Burn 2 | . 2 . . Meltdown 1 | . . 1 . Melee Attacks 1 | . 1 . . Impact . | . . . . Slashing . | . . . . Piercing . | . . . . Sneak Attacks 1 | . 1 . . Combat Hostiles . | . . . . Follow-up Attacks . | . . . . Damage Inflicted 1697 | . 1193 333 171 Guns 535 | . 535 . . Cannons 777 | . 383 333 61 Explosions 193 | . 83 . 110 Melee . | . . . . Ramming . | . . . . Kinetic . | . . . . Thermal 1411 | . 907 333 171 Explosive . | . . . . Electromagnetic 286 | . 286 . . Impact . | . . . . Slashing . | . . . . Piercing . | . . . . Highest Corruption 5 | . 5 5 5 Average Corruption 4 | . 3 5 5 Corruption Purged . | . . . . Corruption Blocked . | . . . . Effects 37 | . 16 13 8 Message Errors 6 | . 2 4 . Matter Fused 10 | . 3 3 4 Heat Flow Errors 5 | . 3 1 1 Energy Discharges 6 | . 3 3 . Data Loss (minor) 7 | . 5 1 1 Data Loss (major) 2 | . . 1 1 Misfires 1 | . . . 1 Overload Shots . | . . . . Overflow Damage 58 | . 45 13 . Projectiles 58 | . 45 13 . Explosions . | . . . . Melee . | . . . . Knockbacks . | . . . . Impact . | . . . . Kinetic . | . . . . Secondary . | . . . . Self-Inflicted Damage 70 | . 25 . 45 Shots 5 | . 1 . 4 Rammed . | . . . . Targets Rammed . | . . . . Kicked . | . . . . Crushed . | . . . . Highest Temperature 474 | . 288 261 474 Average Temperature 74 | . 62 91 203 Received Heat Transfer 311 | . 252 39 20 Effects 1 | . 1 . . Energy Bleed 1 | . 1 . . Siege Activations . | . . . . Martial Activations . | . . . . Shielding Activations . | . . . . Robots Disrupted . | . . . . Combat Hostiles . | . . . . Robots Corrupted . | . . . . Combat Hostiles . | . . . . Parts Fried . | . . . . Impact Corruptions . | . . . . Robots Melted 2 | . 1 1 . Combat Hostiles 2 | . 1 1 . Parts Melted 5 | . 3 2 . Heat Transferred 3945 | . 2202 703 1040 Parts Sabotaged . | . . . . Parts Stolen . | . . . . Parts Stripped . | . . . . Power Chain Reactions 2 | . 2 . . Alert | -11 -10 -10 -10 ------- Run | Yrd Mat Min Exi Maximum Alert Level . | . . . . Low Security (%) 100 | 100 100 100 . Level 1 . | . . . . Level 2 . | . . . . Level 3 . | . . . . Level 4 . | . . . . Level 5 . | . . . . High Security . | . . . . Max Security . | . . . . Peak Influence 153 | . 153 119 . Initial 49 | . . 49 . Average 55 | . 68 31 . Influence Increases 826 | . 617 209 . Destroy 0b10 Robot/C 520 | . 360 160 . Destroy 0b10 Robot/NC 35 | . 35 . . Destroy Leader 108 | . 78 30 . Allied During Kill 19 | . . 19 . Successful Hack 9 | . 9 . . Destroy Structure 15 | . 15 . . Lose Combat Pursuer 120 | . 120 . . Influence Decreases 826 | . 490 302 34 Entered New Map 112 | . . 78 34 Time Decay 664 | . 440 224 . Lost Part 50 | . 50 . . Squads Dispatched 3 | . 3 . . Investigation 1 | . 1 . . Extermination . | . . . . Reinforcement 2 | . 2 . . Assault . | . . . . Garrison . | . . . . Intercept . | . . . . Searches Triggered . | . . . . Construction Impeded . | . . . . Haulers Reinforced . | . . . . Active Scanning Responses . | . . . . Cargo Convoy Interrupts . | . . . . Stealth | -11 -10 -10 -10 --------- Run | Yrd Mat Min Exi Distress Signals 2 | . 2 . . Communications Jammed . | . . . . Distress Signals . | . . . . Times Spotted 48 | . 32 9 7 Peak Tracking Total 9 | . 3 3 9 Tactical Retreats 6 | . 6 . . Traps | -11 -10 -10 -10 ------- Run | Yrd Mat Min Exi Traps Triggered 1 | . 1 . . Indirectly . | . . . . Trap Hack Attempts . | . . . . Triggered . | . . . . Disarmed . | . . . . Reprogrammed . | . . . . Reused . | . . . . Traps Extracted . | . . . . Installed . | . . . . Triggered . | . . . . Machines | -11 -10 -10 -10 ---------- Run | Yrd Mat Min Exi Machines Disabled 5 | . . . 5 Max in Single Turn 2 | . . . 2 Machines Repaired . | . . . . Machines Dismantled . | . . . . Machines Sabotaged . | . . . . Overloaded Fab Kills . | . . . . Hacking | -11 -10 -10 -10 --------- Run | Yrd Mat Min Exi Machines Accessed 9 | . 7 . 2 Terminals 4 | . 4 . . Fabricators . | . . . . Repair Stations 1 | . 1 . . Recycling Units 2 | . 2 . . Scanalyzers . | . . . . Garrison Access . | . . . . Total Hacks 26 | . 18 . 8 Successful 21 | . 13 . 8 Failed 5 | . 5 . . Catastrophic . | . . . . Database Lockouts . | . . . . Manual 3 | . 1 . 2 Terminals 8 | . 8 . . Fabricators . | . . . . Repair Stations 7 | . 7 . . Recycling Units 3 | . 3 . . Scanalyzers . | . . . . Garrison Access . | . . . . Terminal Hacks 12 | . 4 . 8 Record 7 | . . . 7 Prototype ID Bank 1 | . 1 . . Locate Traps 1 | . 1 . . Dispatch Records 1 | . 1 . . Hauler Manifests 1 | . 1 . . Proto ID Catalog 1 | . . . 1 Fabricator Hacks . | . . . . Repair Station Hacks 6 | . 6 . . Scan Component 3 | . 3 . . Repair 3 | . 3 . . Recycling Unit Hacks 3 | . 3 . . Report Inventory 2 | . 2 . . Retrieve Components 1 | . 1 . . Scanalyzer . | . . . . Garrison Access Hacks . | . . . . Unauthorized Hacks . | . . . . Terminals . | . . . . Fabricators . | . . . . Repair Stations . | . . . . Recycling Units . | . . . . Scanalyzers . | . . . . Garrison Access . | . . . . Data Cores Recovered . | . . . . Used . | . . . . Hacking Detections 5 | . 5 . . Full Trace Events . | . . . . Feedback Events . | . . . . Feedback Blocked . | . . . . Robot Schematics Acquired . | . . . . Robots Built . | . . . . Authchips . | . . . . Time . | . . . . Total Robot Build Rating . | . . . . Part Schematics Acquired . | . . . . Parts Built . | . . . . Authchips . | . . . . Time . | . . . . Total Part Build Rating . | . . . . Part Studies Acquired . | . . . . Parts Repaired 3 | . 3 . . Time 78 | . 78 . . Parts Recycled . | . . . . Recycled Matter . | . . . . Retrieved Matter . | . . . . Retrieved Components 6 | . 6 . . Parts Scanalyzed . | . . . . Part Schematics Acquired . | . . . . Parts Damaged . | . . . . Bothacking | -11 -10 -10 -10 ------------ Run | Yrd Mat Min Exi Used RIF Installer . | . . . . Robots Hacked 1 | . 1 . . Non-combat 1 | . 1 . . Combat . | . . . . Robot Hacks Applied 1 | . 1 . . parse_system 1 | . 1 . . Relay Couplers Released . | . . . . Fabnet Peak Effective % . | . . . . Robots Rewired . | . . . . Allies Hacked . | . . . . Hacks Repelled . | . . . . Allies | -11 -10 -10 -10 -------- Run | Yrd Mat Min Exi Total Allies 3 | . . 3 . Largest Group 3 | . . 3 3 Highest-Rated Group 40 | . . 40 40 Highest-Rated Ally 16 | . . 16 16 Total Orders 3 | . . . 3 STAY 1 | . . . 1 ROAM 1 | . . . 1 FOLLOW 1 | . . . 1 Ally Attacks 11 | . . 11 . Total Damage 75 | . . 75 . Kills 2 | . . 2 . Allies Corrupted . | . . . . Allies Melted . | . . . . Intel | -11 -10 -10 -10 ------- Run | Yrd Mat Min Exi Active Infowar (turns) 786 | . 676 110 . Structural 110 | . . 110 . Seismic 30 | . 30 . . T.N.C. 646 | . 646 . . Robot Analysis Total . | . . . . Derelict Logs Recovered 2 | . . 2 . Drone Launches . | . . . . Drone Recoveries . | . . . . Exploration | -11 -10 -10 -10 ------------- Run | Yrd Mat Min Exi Turns Passed 2924 | 67 1773 767 317 Spaces Moved 1764 | 46 928 564 226 Core 14 | 14 . . . Treads . | . . . . Legs 1750 | 32 928 564 226 Wheels . | . . . . Hover . | . . . . Flight . | . . . . Fastest Speed 50 | 50 120 120 120 Average Speed 131 | 112 141 120 125 Slowest Speed 190 | 150 190 120 190 Overloaded Moves . | . . . . Propulsion Burnouts . | . . . . Robots Hopped . | . . . . Potential Cave-ins . | . . . . Cave-ins Triggered . | . . . . Exploration Rate (%) 64 | 4 98 93 61 Regions Visited 3 Branch Regions 2 Pre-discovered Areas 1 | . . 1 . Known Exits Taken . | . . . . Unknown Exits Taken 3 | 1 1 1 . Scrap Searched 1 | . . 1 . Spaces Dug . | . . . . Terrain Destroyed 15 | . 12 . 3 Melee . | . . . . Projectile 4 | . 4 . . AOE 11 | . 8 . 3 Terrain Rammed . | . . . . Walls Destroyed . | . . . . Machines Disabled . | . . . . Actions | -11 -10 -10 -10 --------- Run | Yrd Mat Min Exi Total 2192 | 58 1247 628 259 Wait 200 | . 148 28 24 Move 1761 | 45 927 563 226 Hop . | . . . . Pick Up 48 | 7 36 5 . Fast Attach 9 | 5 1 1 2 Attach 8 | 1 7 . . Detach 2 | . . . 2 Swap 19 | . 13 6 . Drop 41 | . 27 11 3 Fire 103 | . 87 14 2 Melee 1 | . 1 . . Ram . | . . . . Kick . | . . . . Crush . | . . . . Escape Stasis . | . . . . Rewire . | . . . . Trap . | . . . . Miscellaneous . | . . . . Route ------- -11/Scrapyard -10/Materials (discovered 4 exits: [*Mat x3] / [*Min]) -10/Mines (discovered 2 exits: [*Mat] / *Exi) -10/Exiles (discovered 1 exit: [*Min]) History --------- Turn | Location | Event 5 | -11/Scrapyard | Discovered new exit (range 14) 68 | -11/Scrapyard | Entered Materials 205 | -10/Materials | Discovered new exit (range 10) 326 | -10/Materials | Build established: Mutant 350 | -10/Materials | Discovered new exit (range 16) 548 | -10/Materials | Discovered new exit (range 14) 882 | -10/Materials | Core integrity fell below 50% 1272 | -10/Materials | Discovered new exit (range 4) 1424 | -10/Materials | Repaired ECM Suite 1453 | -10/Materials | Repaired Aluminum Leg 1481 | -10/Materials | Repaired Heat Sink 1735 | -10/Materials | Build established: Scavenger-Mutant 1841 | -10/Materials | Entered Mines 1883 | -10/Mines | Assembled infested the area 2055 | -10/Mines | Assisted by bots powering up and referring to "LRC-V3" 2142 | -10/Mines | Build established: Mutant 2198 | -10/Mines | Learned location of Zion (-7) 2234 | -10/Mines | Discovered new exit (range 7) 2489 | -10/Mines | Found a damaged Exp. Sensor Array with a note attached 2492 | -10/Mines | Found Prototype Device 2509 | -10/Mines | Deemed a non-threat by the Exiles lab entrance 2509 | -10/Mines | Discovered new exit (range 5) 2558 | -10/Mines | Core integrity fell below 20% 2608 | -10/Mines | Entered Exiles 2608 | -10/Exiles | Accompanied by 3 allies 2624 | -10/Exiles | Discovered new exit (range 15) 2665 | -10/Exiles | Met 8R-AWN 2688 | -10/Exiles | Met EX-HEX 2748 | -10/Exiles | Met EX-DEC 2791 | -10/Exiles | Met EX-BIN 2815 | -10/Exiles | Aligned with FarCom system 2816 | -10/Exiles | Given EX-Vault access code 2870 | -10/Exiles | Opened EX-Vault 2877 | -10/Exiles | Found Prototype Energy Cannon 2877 | -10/Exiles | Identified Firepult 2895 | -10/Exiles | Attacked by the Exiles 2925 | -10/Exiles | Destroyed by as-45594 with Assembled Heavy Rifle Last Messages --------------- YOLO Cannon AWS/Gauss XL Autogun Array AWS/Autocannon Field Lobotomy Kit Longsword +1 Deploy-a-Sentry 02882_ Dropped Firepult. 02890_ Acquired Firepult. 02894_ System corrupted: FCS attempts to trigger Firepult. 02894_ System corrupted: Firepult misfires. 02894_ EX-Prototypes Database disabled. 02895_ EXILES: Hostile robot within lab perimeter. Defensive protocols time, folks! 02921_ System corrupted: Heat flow error (+203). 02922_ as-84451 destroyed. 02922_ as-23925 destroyed. 02923_ as-57441 heat short circuits Asb. F-torch. 02924_ as-57441 destroyed. 02924_ Machine disabled. Map ----- +----------------------------------------------------+ | | | | | | | | | | | | | | | ?????????????????????????##??????????????????????? | | ?????????????????????#### ####???????????????????? | | ?????????????????????#] #???????????????????? | | ?????????????????????# #???????????????????? | | ?????????????????????# =] [#???????????????????? | | ?????????????????????## ##???????????????????? | | ?????????????????????#X #????????????????????? | | ?????????????????????## #????????????????????? | | ??????????????????????# #????????????????????? | | ??????????????????????# #########????????????? | | ??????????????????????# ##""""""#????????????? | | ??????????????????????# ## """#????????????? | | ??????????????????????# X""#????????????? | | ??????????????????????# ## """#????????????? | | ??????????????######### ##""""""#????????????? | | ??????????????#""""""## #########????????????? | | ??????????????#"""" ## #????????????????????? | | ??????????????#""X" #????????????????????? | | ??????????????#" @ #????????????????????? | | ??????????????#" ## #????????????????????? | | ??????????????#""""""## #?#########??????????? | | ??????????????##"#####; a #?#"""""""#??????????? | | ?????????????? "#???## #?#"""""""#??????????? | | ?????????????""" #????# #?#"""""""#??????????? | | ?????????????""" #???## a ###"" """"#??????????? | | ??????????????"" #???#" """"#??????????? | | ???????????????###???#" """#??????????? | | ?????????????????????#"a """#??????????? | | ?????????????????????#" """#??????????? | | ?????????????????????# a """#??????????? | | ?????????????????????# """##?????????? | | ?????????????????????#; % """""?????????? | | ????????" ???????????# """###????????? | | ???????"" ???????????# "X" """"" ????????? | | ???????"" ???????????#" """ # "????????? | | ??????? ???????????#" """""""""#??????????? | | ????????" "?????????##" ###########??????????? | | ????????# #????????##"" #????????????????????? | | ##????### ###?######"" #????????????????????? | | ""#####X# #"###""""""" ##???????????????????? | | """""" " "" ##????????##????????? | | "" """ " #####""?""""""##???? | | " " " """ """"#???? | +----------------------------------------------------+ Best States ------------- Heat Dissipation 39 Energy Generation 10 Energy Capacity 250 Matter Stores 300 Matter Capacity 300 Sight Range 16 Terrain Scan Density 10 Armor Coverage 150 Evasion (%) 55 Item Schematics ----------------- None Robot Schematics ------------------ None Fabricated ------------ Nothing Repaired ---------- ECM Suite | 40% | -10/Materials Aluminum Leg | 65% | -10/Materials Heat Sink | 50% | -10/Materials Studied --------- None Alien Tech Used ----------------- None Achievements -------------- Sixth Sense Challenges ------------ None Game ------ Seed TransportAntigravLattice Manual? 0 Play Time 00:48:32 Cumulative 49.8 hours Start 2026.01.28 @ 05:00:59 End 2026.01.28 @ 05:50:17 Sessions 1 Manual Loads 0 Difficulty Rogue Special Mode None Game No. 35 Rogue 35 Adventurer 0 Explorer 0 Win Type - Total 3 Types 3/0/0/0/0/0/0/0/0/0 Lore% 17 Gallery% 35 Achievement% 22 Wizard Run 0 Options --------- Layout 0 ASCII 0 Keyboard 0 Movement Numpad Keybinds 0 Fullscreen 2 Font 24/Terminus Map View 76x50 Zoom Use 0% Tactical HUD 1 Map Filters NONE Filters NONE Steam 1 RUN: d40a6552-2a1d-4a85-af3b-193aa8b9967b